 Dungeon Crawl Stone Soup version 0.23.2-30-g0e89c35649 (webtiles) character file.

Game seed: 12728694947836389126

6389 Dasit the Skirmisher (level 10, -6/64 HPs)
             Began as a Gargoyle Gladiator on June 15, 2019.
             Was a Follower of Makhleb.
             Killed by divine providence
             ... invoked by an orc priest
              (15 damage)
             ... on level 8 of the Dungeon.
             The game lasted 00:21:31 (9051 turns).

Dasit the Skirmisher (Gargoyle Gladiator)           Turns: 9051, Time: 00:21:32

Health: -6/64      AC: 22    Str: 29    XL:     10   Next: 97%
Magic:  16/16      EV: 14    Int:  8    God:    Makhleb [*.....]
Gold:   265        SH:  0    Dex: 14    Spells: 16/18 levels left

rFire    . . .     SeeInvis .   w - +9 spear "Fana" {protect, Str+4 Dex+3}
rCold    . . .     Gourm    .   (no shield)
rNeg     + + +     Faith    .   b - +1 ring mail
rPois    ∞         Spirit   .   c - +0 helmet
rElec    +         Reflect  .   A - +2 cloak
rCorr    .         Harm     .   e - +2 pair of gloves {Str+3}
MR       .....                  (no boots)
Stlth    ++........             (no amulet)
HPRegen  0.20/turn              z - ring of positive energy
MPRegen  0.15/turn              k - ring of positive energy

@: very slightly contaminated
A: negative energy resistance 1, electricity resistance, unbreathing,
petrification resistance, rot immunity, AC +7
a: Renounce Religion


You were on level 8 of the Dungeon.
You worshipped Makhleb.
Makhleb was aware of your devotion.
You were not hungry.

You visited 2 branches of the dungeon, and saw 9 of its levels.
You also visited: Sewer.

You collected 463 gold pieces.
You spent 198 gold pieces at shops.

Inventory:

Hand Weapons
 a - a +2 war axe
 l - the +3 broad axe "Dragonbane" {antimagic, rN+ Int+4}
   (You bought it in a shop on level 6 of the Dungeon)

   It reduces the magical energy of the wielder, and disrupts the spells and
   magical abilities of those hit.
   Natural abilities and divine invocations are not affected.
   It affects your intelligence (+4).
   It protects you from negative energy.
 w - the +9 spear "Fana" (weapon) {protect, Str+4 Dex+3}
   (You found it on level 5 of the Dungeon)

   It protects the one who uses it against injury (+AC on strike).
   It affects your strength (+4).
   It affects your dexterity (+3).
Armour
 b - a +1 ring mail (worn)
 c - a +0 helmet (worn)
 e - a +2 pair of gloves of strength (worn)
 p - a +0 shield
 A - a +2 cloak (worn)
Jewellery
 k - a ring of positive energy (right hand)
 y - an uncursed ring of flight
 z - a ring of positive energy (left hand)
Wands
 q - a wand of enslavement (2)
 H - a wand of flame (14)
Scrolls
 d - a scroll of amnesia
 h - a scroll of magic mapping
 m - 3 scrolls of remove curse
 s - a scroll of fog
 v - 2 scrolls of teleportation
 B - 3 scrolls of identify
 D - 2 scrolls of enchant armour
 E - a scroll of blinking
Potions
 i - 2 potions of resistance
 j - a potion of flight
 n - a potion of heal wounds {unknown}
 o - a potion of lignification {unknown}
 r - 4 potions of might {unknown}
 t - 4 potions of magic {unknown}
 u - 4 potions of curing {unknown}
 x - a potion of berserk rage {unknown}
 F - a potion of brilliance {unknown}
Comestibles
 f - 10 rations


   Skills:
 * Level 7.8 Fighting
 - Level 5.7(6.7) Axes
 + Level 5.3(6.5) Polearms
 - Level 1.8 Throwing
 * Level 6.6 Armour
 + Level 4.6 Dodging
 + Level 3.0 Stealth
 * Level 4.6 Spellcasting
 * Level 4.9 Translocations
 * Level 3.0 Invocations
 * Level 3.0 Evocations


You had 16 spell levels left.
You knew the following spells:

 Your Spells              Type           Power        Failure   Level  Hunger
a - Blink                 Tloc           N/A          8%          2    ###....

Your spell library contained the following spells:

 Spells                   Type           Power        Failure   Level  Hunger
 Magic Dart               Conj           #...         36%         1    #......
 Summon Small Mammal      Summ           #...         36%         1    #......
 Call Imp                 Summ           #.......     50%         2    ###....
 Slow                     Hex            #.......     50%         2    ###....
 Call Canine Familiar     Summ           #.......     75%         3    ###....
 Conjure Flame            Conj/Fire      #.......     75%         3    ###....
 Mephitic Cloud           Conj/Pois/Air  #.......     75%         3    ###....
 Summon Guardian Golem    Hex/Summ       #.......     75%         3    ###....
 Summon Ice Beast         Ice/Summ       #.......     98%         4    #####..
 Summon Lightning Spire   Summ/Air       #.......     98%         4    #####..


Dungeon Overview and Level Annotations

Branches:
Dungeon (8/15)             Temple (1/1) D:6
   Lair: D:8-11

Altars:
Ashenzari
Cheibriados
Dithmenos
Elyvilon
Fedhas
Gozag
Hepliaklqana
Kikubaaqudgha
Makhleb
Nemelex Xobeh
Okawaru
Qazlal
Ru
Sif Muna
Trog
Uskayaw
Vehumet
Wu Jian
Xom
Yredelemnul
Zin
The Shining One

Shops:
D:6 (}!}


Innate Abilities, Weirdness & Mutations

You are resistant to torment.
Your stone body is resilient. (AC +7)
You are immune to poison.
You resist negative energy. (rN+)
You are resistant to electric shocks. (rElec)
You can survive without breathing.
You are immune to petrification.
You are immune to rotting.


Message History

Something hits you but does no damage.
Things that are here:
an arrow; a poisoned tomahawk
Okay, then.
The centaur shoots an arrow.
The arrow hits you.
* * * LOW HITPOINT WARNING * * *
You see here an arrow.
Something hits you but does no damage.
The orc priest calls down the wrath of Beogh upon you.
Something writhes in agony!
Reactivating autopickup.
A hippogriff comes into view.
The hippogriff screeches!
The centaur shoots an arrow.
The arrow hits you but does no damage.
You see here an arrow.
The centaur shoots an arrow.
The arrow hits you but does no damage.
You see here an arrow.
The orc priest invokes the aid of Beogh against you.
Beogh smites you!
You die...

... .........).........# ..#
......8.......8....## ...
...................# ...
.....8.......8.....# ..#
...................# ... .# ..
##.##............... ... #..###.
#..##............... ....#......#
#................#.#
...........###..@............####
............##...............#
.............H(..............#
#.........oocs........#......##
##..##(..............####.....#
#.........#(............#....#
##...(()...........###....##
#..(.#..##..............###
..o..#.####.........#....#


You could see a hippogriff, a centaur, a scorpion, an orc priest and an orc.

Vanquished Creatures
  A centaur warrior (D:8)
  2 two-headed ogres (D:8)
  Pikel (D:3)
  A hippogriff (D:8)
  Sigmund (D:6)
  A wyvern (D:8)
  A hungry ghost (D:7)
  Edmund (D:6)
  Duvessa (D:4)
  4 orc warriors
  2 ice beasts
  6 phantoms
  2 ogres
  2 centaurs
  3 bullfrogs
  Blork the orc (D:6)
  A wyvern zombie (D:7)
  Dowan (D:4)
  2 scorpions
  A wight (D:6)
  5 crimson imps
  A centaur zombie (D:5)
  4 centaur skeletons
  4 hounds
  An orc priest (D:7)
  12 orc wizards
  2 iguanas
  2 worker ants
  A hound zombie (D:6)
  A worker ant zombie (D:5)
  3 gnolls (D:3)
  16 adders
  3 river rats (D:4)
  2 shadow imps
  An ooze (D:1)
  An adder skeleton (D:4)
  6 worms
  2 dart slugs
  10 leopard geckos
  29 orcs
  3 bats (D:3)
  6 giant cockroaches
  3 goblins
  6 hobgoblins
  28 jackals
  7 kobolds
  A quokka (D:4)
  4 ball pythons
  12 frilled lizards
  6 rats
  A plant (Sewer)
218 creatures vanquished.

Vanquished Creatures (others)
  A slave (D:4)
  2 orc wizards
3 creatures vanquished.

Grand Total: 221 creatures vanquished

Notes
Turn   | Place    | Note
-------+----------+-------------------------------------------
     0 | D:1      | Dasit the Gargoyle Gladiator began the quest for the Orb.
     0 | D:1      | Reached XP level 1. HP: 12/12 MP: 1/1
   115 | D:1      | Reached XP level 2. HP: 15/17 MP: 2/2
   970 | D:1      | Reached XP level 3. HP: 22/22 MP: 3/3
  1074 | D:2      | Reached skill level 1 in Armour
  1196 | D:2      | Found a sparkling altar of Nemelex Xobeh.
  1275 | D:2      | Reached skill level 3 in Fighting
  1300 | D:2      | Reached skill level 1 in Stealth
  1300 | D:2      | Reached XP level 4. HP: 17/28 MP: 4/4
  2092 | D:3      | Learned a level 2 spell: Blink
  2431 | D:3      | Reached XP level 5. HP: 32/32 MP: 5/5
  3531 | D:4      | Reached XP level 6. HP: 25/37 MP: 6/6
  3579 | D:4      | Found a glowing drain.
  3596 | Sewer    | Entered a sewer
  4468 | D:4      | Noticed Pikel
  4469 | D:4      | Noticed a slave
  4470 | D:4      | Noticed a slave
  4470 | D:4      | Noticed a slave
  4475 | D:4      | Noticed a slave
  4642 | D:3      | Killed Pikel
  4642 | D:3      | Reached skill level 4 in Fighting
  4642 | D:3      | Reached skill level 5 in Axes
  4642 | D:3      | Reached skill level 1 in Spellcasting
  4642 | D:3      | Reached skill level 1 in Translocations
  4642 | D:3      | Reached XP level 7. HP: 17/44 MP: 7/9
  4880 | D:4      | Noticed Dowan
  4881 | D:4      | Noticed Duvessa
  4898 | D:4      | Killed Duvessa
  4898 | D:4      | Reached XP level 8. HP: 35/48 MP: 9/11
  4913 | D:4      | Killed Dowan
  5073 | D:4      | Reached skill level 5 in Fighting
  5475 | D:5      | Entered Level 5 of the Dungeon
  5678 | D:5      | Got an iridescent spear
  5706 | D:5      | Identified the +9 spear "Fana" {protect, Str+4 Dex+3} (You
                  | found it on level 5 of the Dungeon)
  6123 | D:6      | Reached XP level 9. HP: 47/55 MP: 13/13
  6130 | D:6      | Found Dammeg's Distillery.
  6132 | D:6      | Noticed Sigmund
  6136 | D:6      | Reached skill level 1 in Polearms
  6168 | D:6      | Killed Sigmund
  6168 | D:6      | Reached skill level 6 in Fighting
  6258 | D:6      | Found Seimm's Gadget Emporium.
  6507 | D:6      | Found Gitodd's Antique Weapon Emporium.
  6513 | D:6      | Bought an iridescent broad axe for 198 gold pieces
  6513 | D:6      | Identified the cursed +3 broad axe "Dragonbane" {antimagic,
                  | rN+ Int+4} (You bought it in a shop on level 6 of the
                  | Dungeon)
  6573 | D:6      | Noticed Blork the orc
  6893 | D:6      | Reached skill level 5 in Armour
  6912 | D:6      | Found a sparkling altar of Nemelex Xobeh.
  6925 | D:6      | Found Lohav's Gadget Shop.
  7065 | D:6      | Noticed Edmund
  7073 | D:6      | Killed Edmund
  7102 | D:6      | Found a staircase to the Ecumenical Temple.
  7162 | Temple   | Entered the Ecumenical Temple
  7278 | Temple   | Became a worshipper of Makhleb the Destroyer
  7416 | D:6      | Killed Blork the orc
  7558 | D:7      | Reached skill level 1 in Evocations
  7583 | D:7      | Reached skill level 1 in Invocations
  7983 | D:7      | Reached XP level 10. HP: 61/61 MP: 16/16
  8094 | D:7      | Reached * piety under Makhleb
  8406 | D:8      | Noticed a two-headed ogre
  8419 | D:8      | Killed a two-headed ogre
  8419 | D:8      | Reached skill level 7 in Fighting
  8587 | D:8      | Found a hide-covered altar of Uskayaw.
  8726 | D:8      | Found a deep blue altar of Sif Muna.
  8726 | D:8      | Noticed a two-headed ogre
  8726 | D:8      | Noticed a centaur warrior
  8743 | D:8      | Killed a centaur warrior
  8756 | D:8      | Killed a two-headed ogre
  8756 | D:8      | Reached skill level 5 in Polearms
  9051 | D:8      | Killed from afar by an orc priest

Skill      XL: |  1  2  3  4  5  6  7  8  9 10 |
---------------+-------------------------------+-----
Axes           | 3 4 5 |  5.7
Armour         | 1 2 3 4 5 6 |  6.6
Fighting       | 3 4 5 6 7 |  7.8
Stealth        | 1 2 3 |  3.0
Dodging        | 3 4 |  4.6
Spellcasting   | 1 2 3 4 |  4.6
Translocations | 1 2 3 4 |  4.9
Polearms       | 3 5 |  5.3
Evocations     | 1 3 |  3.0
Invocations    | 1 3 |  3.0
Throwing       | |  1.8

Action                   |  1- 3 |  4- 6 |  7- 9 | 10-12 || total
-------------------------+-------+-------+-------+-------++-------
Melee: War axe           |    69 |   317 |   101 |       ||   487
       Spear             |       |       |   235 |   140 ||   375
       Broad axe         |       |       |    15 |       ||    15
Throw: Throwing net      |     2 |     1 |       |       ||     3
 Cast: Blink             |       |       |       |     1 ||     1
  Use: Scroll            |     4 |     5 |     8 |     1 ||    18
       Potion            |       |       |     1 |     1 ||     2
 Stab: Sleeping          |       |     2 |     2 |       ||     4
       Held in net/web   |       |     1 |       |       ||     1
       Invisible         |       |       |     3 |       ||     3
       Distracted        |       |       |     1 |       ||     1
  Eat: Chunk             |     1 |    11 |    12 |     5 ||    29
Armor: Leather armour    |    17 |   172 |    28 |       ||   217
       Chain mail        |    13 |       |       |       ||    13
       Ring mail         |       |       |   125 |    50 ||   175
Dodge: Dodged            |    33 |   242 |   199 |    70 ||   544
